TOP OF THE 1ST |
Las Vegas Flamingos batting - Pitching for Wizarding Express : RHP Curt Clarke
|
Pitching: RHP Curt Clarke
|
|
Batting: RHB Pablo Lugo
|
0-0: Ball 1-0: Fly out, F9 (Flyball, 9D)
|
Batting: LHB Sinclair van Kooten
|
0-0: DOUBLE (Line Drive, 7LD)
|
Batting: RHB Sake van Arem
|
0-0: Called Strike 0-1: Fly out, F9 (Flyball, 9S)
|
Batting: LHB Victor Adams
|
0-0: Foul Ball, location: 2F 0-1: Fly out, F8 (Popup, 8LS)
|
Top of the 1st over - 0 run(s), 1 hit(s), 0 error(s), 1 left on base; Las Vegas 0 - Wizarding 0 |
BOTTOM OF THE 1ST |
Wizarding Express batting - Pitching for Las Vegas Flamingos : RHP David Collingwood
|
Pitching: RHP David Collingwood
|
|
Batting: LHB Nathan Tanner
|
0-0: Foul Ball, location: 2F 0-1: Ball 1-1: Ball 2-1: Ball 3-1: Base on Balls
|
Batting: LHB Kyung-chor Pang
|
0-0: Ball 1-0: Ball 2-0: Foul Ball, location: 2F 2-1: Swinging Strike 2-2: Strikes out swinging
|
Batting: RHB Rafael Arredondo
|
0-0: Called Strike 0-1: Ball Wild Pitch! Nathan Tanner to second 1-1: Foul Ball, location: 2F 1-2: Foul Ball, location: 2F 1-2: Ball 2-2: Foul Ball, location: 2F 2-2: Strikes out swinging
|
Batting: RHB Cole Shaffer
|
0-0: Ball 1-0: Ball 2-0: Ball 3-0: Base on Balls
|
Batting: SHB Eiji Suzuki
|
0-0: Foul Ball, location: 2F 0-1: Ball 1-1: Foul Ball, location: 2F 1-2: Fly out, F8 (Flyball, 8RD)
|
Bottom of the 1st over - 0 run(s), 0 hit(s), 0 error(s), 2 left on base; Las Vegas 0 - Wizarding 0 |
TOP OF THE 2ND |
Las Vegas Flamingos batting - Pitching for Wizarding Express : RHP Curt Clarke
|
Batting: LHB Chris McKinney
|
0-0: Ball 1-0: Foul Ball, location: 2F 1-1: Called Strike 1-2: SINGLE (Groundball, 56D)
|
Batting: RHB Terry Sylvester
|
0-0: Called Strike 0-1: Fly out, F8 (Flyball, 8LXD)
|
Batting: SHB Shojiro Kimura
|
0-0: Foul Ball, location: 2F 0-1: Foul Ball, location: 2F 0-2: Ball 1-2: Grounds into double play, 6-4-3 (Groundball, 6M)
|
Top of the 2nd over - 0 run(s), 1 hit(s), 0 error(s), 0 left on base; Las Vegas 0 - Wizarding 0 |
BOTTOM OF THE 2ND |
Wizarding Express batting - Pitching for Las Vegas Flamingos : RHP David Collingwood
|
Batting: RHB António Martínez
|
0-0: Called Strike 0-1: Called Strike 0-2: Ground out 5-3 (Groundball, 5)
|
Batting: RHB Michael Montgomery
|
0-0: Ball 1-0: Foul Ball, location: 2F 1-1: Ball 2-1: Called Strike 2-2: Ball 3-2: Base on Balls
|
Batting: RHB Turner Coleman
|
0-0: Called Strike 0-1: Foul Ball, location: 2F 0-2: Ball 1-2: Strikes out swinging
|
Batting: RHB Nathan Clay
|
0-0: Called Strike 0-1: Ball 1-1: Fly out, F8 (Flyball, 8RS)
|
Bottom of the 2nd over - 0 run(s), 0 hit(s), 0 error(s), 1 left on base; Las Vegas 0 - Wizarding 0 |
TOP OF THE 3RD |
Las Vegas Flamingos batting - Pitching for Wizarding Express : RHP Curt Clarke
|
Batting: LHB José Meléndez
|
0-0: Ball 1-0: Ball 2-0: Ball 3-0: Base on Balls
|
Batting: RHB Ted Young
|
0-0: Ball José Meléndez steals 2nd base 1-0: Ball 2-0: Foul Ball, location: 2F 2-1: Fly out, F9 (Flyball, 9M)
|
Batting: RHB Pablo Lugo
|
0-0: Fly out, F9 (Flyball, 9LM)
|
Batting: LHB Sinclair van Kooten
|
0-0: Ground out 6-3 (Groundball, 6)
|
Top of the 3rd over - 0 run(s), 0 hit(s), 0 error(s), 1 left on base; Las Vegas 0 - Wizarding 0 |
BOTTOM OF THE 3RD |
Wizarding Express batting - Pitching for Las Vegas Flamingos : RHP David Collingwood
|
Batting: LHB Nathan Tanner
|
0-0: Ball 1-0: Ball 2-0: Ground out U3 (Groundball, 3)
|
Batting: LHB Kyung-chor Pang
|
0-0: Called Strike 0-1: Swinging Strike 0-2: Ball 1-2: Foul Ball, location: 2F 1-2: Foul Ball, location: 2F 1-2: Ball 2-2: Ball 3-2: SINGLE (Groundball, 34D)
|
Batting: RHB Rafael Arredondo
|
0-0: Ball Kyung-chor Pang steals 2nd base 1-0: Called Strike Kyung-chor Pang steals 3rd base 1-1: Ground out 5-3 (Groundball, 56) Kyung-chor Pang scores
|
Batting: RHB Cole Shaffer
|
0-0: Called Strike 0-1: Foul Ball, location: 2F 0-2: Ball 1-2: Foul Ball, location: 2F 1-2: Strikes out swinging
|
Bottom of the 3rd over - 1 run(s), 1 hit(s), 0 error(s), 0 left on base; Las Vegas 0 - Wizarding 1 |
TOP OF THE 4TH |
Las Vegas Flamingos batting - Pitching for Wizarding Express : RHP Curt Clarke
|
Batting: RHB Sake van Arem
|
0-0: Fly out, F8 (Line Drive, 8RM)
|
Batting: LHB Victor Adams
|
0-0: Called Strike 0-1: Ball 1-1: Ground out 4-3 (Groundball, 4)
|
Batting: LHB Chris McKinney
|
0-0: Called Strike 0-1: Ball 1-1: Ball 2-1: Ball 3-1: Called Strike 3-2: Foul Ball, location: 2F 3-2: Foul Ball, location: 2F 3-2: Strikes out swinging
|
Top of the 4th over - 0 run(s), 0 hit(s), 0 error(s), 0 left on base; Las Vegas 0 - Wizarding 1 |
BOTTOM OF THE 4TH |
Wizarding Express batting - Pitching for Las Vegas Flamingos : RHP David Collingwood
|
Batting: SHB Eiji Suzuki
|
0-0: Ball 1-0: Ball 2-0: Foul Ball, location: 2F 2-1: SOLO HOME RUN (Line Drive, 9LD), Distance : 332 ft
|
Batting: RHB António Martínez
|
0-0: Called Strike 0-1: Ball 1-1: Called Strike 1-2: Ball 2-2: Ball 3-2: Base on Balls
|
Batting: RHB Michael Montgomery
|
0-0: Called Strike 0-1: Ball 1-1: Ball 2-1: SINGLE (Groundball, 56D) António Martínez to second
|
Batting: RHB Turner Coleman
|
0-0: Called Strike 0-1: Called Strike António Martínez steals 3rd base Michael Montgomery to second 0-2: Ball 1-2: Foul Ball, location: 2F 1-2: Fly out, F6 (Popup, 6D)
|
Batting: RHB Nathan Clay
|
0-0: Ball 1-0: Ball 2-0: Ball 3-0: Called Strike 3-1: Base on Balls
|
Batting: LHB Nathan Tanner
|
0-0: Ball 1-0: SINGLE (Line Drive, 34) António Martínez scores Michael Montgomery to third Nathan Clay to second Runner from 3rd tries for Home, SAFE, no throw or cutoff
|
Batting: LHB Kyung-chor Pang
|
0-0: Ball Nathan Clay steals 3rd base Nathan Tanner to second 1-0: Ball 2-0: Called Strike 2-1: Ball 3-1: Swinging Strike 3-2: Strikes out swinging
|
Batting: RHB Rafael Arredondo
|
0-0: Ball 1-0: Foul Ball, location: 2F 1-1: DOUBLE (Line Drive, 5L) Nathan Clay scores Nathan Tanner scores
|
Pitching: LHP Jesús Tejeda
|
|
Batting: RHB Cole Shaffer
|
0-0: Foul Ball, location: 2F 0-1: Fly out, F5 (Line Drive, 56)
|
Bottom of the 4th over - 5 run(s), 4 hit(s), 0 error(s), 1 left on base; Las Vegas 0 - Wizarding 6 |
TOP OF THE 5TH |
Las Vegas Flamingos batting - Pitching for Wizarding Express : RHP Curt Clarke
|
Batting: RHB Terry Sylvester
|
0-0: Called Strike 0-1: Fly out, F3 (Popup, 3F)
|
Batting: SHB Shojiro Kimura
|
0-0: Called Strike 0-1: Fly out, F3 (Popup, 3F)
|
Batting: LHB José Meléndez
|
0-0: Ball 1-0: SINGLE (Groundball, 4MD)
|
Batting: RHB Ted Young
|
0-0: Ball 1-0: Called Strike 1-1: Ground out 5-3 (Groundball, 5S)
|
Top of the 5th over - 0 run(s), 1 hit(s), 0 error(s), 1 left on base; Las Vegas 0 - Wizarding 6 |
BOTTOM OF THE 5TH |
Wizarding Express batting - Pitching for Las Vegas Flamingos : LHP Jesús Tejeda
|
Batting: SHB Eiji Suzuki
|
0-0: Called Strike 0-1: Foul Ball, location: 2F 0-2: Ball 1-2: SINGLE (Groundball, 4M)
|
Batting: RHB António Martínez
|
0-0: Sac Bunt - play at first, batter OUT! 5-3 Eiji Suzuki to second
|
Batting: RHB Michael Montgomery
|
0-0: Ground out 6-3 (Groundball, 6)
|
Batting: RHB Turner Coleman
|
0-0: Ball 1-0: Ground out 5-3 (Groundball, 5)
|
Bottom of the 5th over - 0 run(s), 1 hit(s), 0 error(s), 1 left on base; Las Vegas 0 - Wizarding 6 |
TOP OF THE 6TH |
Las Vegas Flamingos batting - Pitching for Wizarding Express : RHP Curt Clarke
|
Batting: RHB Pablo Lugo
|
0-0: Ball 1-0: Foul Ball, location: 2F 1-1: Ball 2-1: Ground out 4-3 (Groundball, 4)
|
Batting: LHB Sinclair van Kooten
|
0-0: Ball 1-0: Called Strike 1-1: SINGLE (Groundball, 4MD)
|
Batting: RHB Sake van Arem
|
0-0: Swinging Strike 0-1: Swinging Strike 0-2: Fly out, F2 (Popup, 23F)
|
Batting: LHB Victor Adams
|
0-0: Ball 1-0: Fly out, F9 (Line Drive, 9S)
|
Top of the 6th over - 0 run(s), 1 hit(s), 0 error(s), 1 left on base; Las Vegas 0 - Wizarding 6 |
BOTTOM OF THE 6TH |
Wizarding Express batting - Pitching for Las Vegas Flamingos : LHP Jesús Tejeda
|
Batting: RHB Nathan Clay
|
0-0: Ball 1-0: Ball 2-0: Ball 3-0: Called Strike 3-1: Ground out 4-3 (Groundball, 4)
|
Batting: LHB Nathan Tanner
|
0-0: Called Strike 0-1: Foul Ball, location: 2F 0-2: Foul Ball, location: 2F 0-2: Foul Ball, location: 2F 0-2: Ball 1-2: Strikes out swinging
|
Batting: LHB Kyung-chor Pang
|
0-0: Ball 1-0: Swinging Strike 1-1: Foul Ball, location: 2F 1-2: Foul Ball, location: 2F 1-2: Foul Ball, location: 2F 1-2: Strikes out swinging
|
Bottom of the 6th over - 0 run(s), 0 hit(s), 0 error(s), 0 left on base; Las Vegas 0 - Wizarding 6 |
TOP OF THE 7TH |
Las Vegas Flamingos batting - Pitching for Wizarding Express : RHP Curt Clarke
|
Batting: LHB Chris McKinney
|
0-0: Ball 1-0: Foul Ball, location: 2F 1-1: Called Strike 1-2: Ball 2-2: Foul Ball, location: 2F 2-2: Strikes out swinging
|
Batting: RHB Terry Sylvester
|
0-0: Ball 1-0: Called Strike 1-1: Ball 2-1: Ball 3-1: Base on Balls
|
Batting: SHB Shojiro Kimura
|
0-0: Ball 1-0: Foul Ball, location: 2F 1-1: Foul Ball, location: 2F 1-2: Fly out, F8 (Flyball, 8LD)
|
Batting: LHB José Meléndez
|
0-0: Ball 1-0: Ball 2-0: Ground out 4-3 (Groundball, 4)
|
Top of the 7th over - 0 run(s), 0 hit(s), 0 error(s), 1 left on base; Las Vegas 0 - Wizarding 6 |
BOTTOM OF THE 7TH |
Wizarding Express batting - Pitching for Las Vegas Flamingos : LHP Jesús Tejeda
|
Batting: RHB Rafael Arredondo
|
0-0: Ball 1-0: Ball 2-0: Ground out 5-3 (Groundball, 5L)
|
Batting: RHB Cole Shaffer
|
0-0: Ball 1-0: Called Strike 1-1: Swinging Strike 1-2: Strikes out swinging
|
Batting: SHB Eiji Suzuki
|
0-0: Foul Ball, location: 2F 0-1: Ball 1-1: Foul Ball, location: 2F 1-2: Strikes out swinging
|
Bottom of the 7th over - 0 run(s), 0 hit(s), 0 error(s), 0 left on base; Las Vegas 0 - Wizarding 6 |
TOP OF THE 8TH |
Las Vegas Flamingos batting - Pitching for Wizarding Express : RHP Curt Clarke
|
Batting: RHB Ted Young
|
0-0: Called Strike 0-1: Ball 1-1: Ball 2-1: Ball 3-1: Ground out 5-3 (Groundball, 5S)
|
Batting: RHB Pablo Lugo
|
0-0: Ball 1-0: Fly out, F9 (Flyball, 89M)
|
Batting: LHB Sinclair van Kooten
|
0-0: Ball 1-0: Called Strike 1-1: Ground out 6-3 (Groundball, 6)
|
Top of the 8th over - 0 run(s), 0 hit(s), 0 error(s), 0 left on base; Las Vegas 0 - Wizarding 6 |
BOTTOM OF THE 8TH |
Wizarding Express batting - Pitching for Las Vegas Flamingos : LHP Jesús Tejeda
|
Batting: RHB António Martínez
|
0-0: Swinging Strike 0-1: Ball 1-1: Ground out 5-3 (Groundball, 56S)
|
Batting: RHB Michael Montgomery
|
0-0: Foul Ball, location: 2F 0-1: Foul Ball, location: 2F 0-2: Ground out 5-3 (Groundball, 5S)
|
Batting: RHB Turner Coleman
|
0-0: Ground out 6-3 (Groundball, 6M)
|
Bottom of the 8th over - 0 run(s), 0 hit(s), 0 error(s), 0 left on base; Las Vegas 0 - Wizarding 6 |
TOP OF THE 9TH |
Las Vegas Flamingos batting - Pitching for Wizarding Express : RHP Curt Clarke
|
Batting: RHB Sake van Arem
|
0-0: Ball 1-0: Ball 2-0: Ground out 6-3 (Groundball, 6)
|
Batting: LHB Victor Adams
|
0-0: Ground out 6-3 (Groundball, 6M)
|
Batting: LHB Chris McKinney
|
0-0: Ball 1-0: SINGLE (Flyball, 7LS)
|
Batting: RHB Terry Sylvester
|
0-0: Called Strike 0-1: Foul Ball, location: 2F 0-2: Ball 1-2: Strikes out swinging
|
Top of the 9th over - 0 run(s), 1 hit(s), 0 error(s), 1 left on base; Las Vegas 0 - Wizarding 6 |
|